 Dungeon Crawl Stone Soup version 0.27-a0-46-g34d46f0a3f (webtiles) character file.

Game seed: 18349020268578849753

254 Borgoz the Slasher (level 6, -6/52 HPs)
             Began as a Ghoul Gladiator on Jan 6, 2021.
             Was an Initiate of Okawaru.
             Mangled by a gnoll
             ... wielding a +0 club
              (7 damage)
             ... on level 4 of the Dungeon.
             The game lasted 00:03:01 (3317 turns).

Borgoz the Slasher (Ghoul Gladiator)                Turns: 3317, Time: 00:03:02

Health: -6/52      AC:  4    Str: 20    XL:     6   Next: 14%
Magic:  5/5        EV: 12    Int:  3    God:    Okawaru [......]
Gold:   153        SH:  3    Dex: 10    Spells: 5/5 levels left

rFire    . . .     SeeInvis +   a - +1 long sword
rCold    + . .     Faith    .   f - +0 buckler
rNeg     + + +     Spirit   .   b - +0 leather armour
rPois    ∞         Reflect  .   c - +0 helmet
rElec    .         Harm     .   (no cloak)
rCorr    .         Rampage  .   (no gloves)
Will     .....                  (no boots)
Stlth    +.........             (no amulet)
HPRegen  0.00/turn              l - ring of see invisible
MPRegen  0.09/turn              (no ring)

@: mighty
A: claws 1, cold resistance 1, negative energy resistance 3, inhibited
regeneration, torment resistance, unbreathing
a: Renounce Religion


You were on level 4 of the Dungeon.
You worshipped Okawaru.
Okawaru was noncommittal.
You visited 2 branches of the dungeon, and saw 5 of its levels.

You collected 153 gold pieces.

Inventory:

Hand Weapons
 a - a +1 long sword (weapon)
Missiles
 d - 2 throwing nets (quivered)
Armour
 b - a +0 leather armour (worn)
 c - a +0 helmet (worn)
 f - a +0 buckler (worn)
Jewellery
 l - a ring of see invisible (left claw)
Scrolls
 e - 4 scrolls of remove curse
Potions
 i - a potion of brilliance {unknown}


   Skills:
 + Level 3.8 Fighting
 * Level 4.7 Long Blades
 - Level 1.7 Throwing
 + Level 3.8 Dodging


You had 5 spell levels left.
You didn't know any spells.
Your spell library was empty.

Dungeon Overview and Level Annotations

Branches:
Dungeon (4/15)             Temple (1/1) D:4

Altars:
Ashenzari
Cheibriados
Dithmenos
Fedhas
Gozag
Hepliaklqana
Makhleb
Nemelex Xobeh
Okawaru
Ru
Uskayaw
Wu Jian
Xom
Yredelemnul
Zin


Innate Abilities, Weirdness & Mutations

You thrive by killing the living.
You are immune to poison.
You have sharp fingernails.
Your flesh is cold resistant. (rC+)
You are immune to negative energy. (rN+++)
You do not regenerate when monsters are visible.
You are immune to unholy pain and torment.
You can survive without breathing.


Message History

You barely miss the worker ant.
The worker ant is heavily wounded.
The hound bites you.
* * * LOW HITPOINT WARNING * * *
The hound closely misses you. The gnoll hits you with a +0 club.
* * * LOW HITPOINT WARNING * * *
The gnoll hits you with a +0 flail.
* * * LOW HITPOINT WARNING * * *
The hound bites you.
* * * LOW HITPOINT WARNING * * *
The worker ant bites you.
* * * LOW HITPOINT WARNING * * *
The hound bites you.
* * * LOW HITPOINT WARNING * * *
You barely miss the worker ant.
The worker ant is heavily wounded.
The hound bites you.
* * * LOW HITPOINT WARNING * * *
The hound barely misses you. The gnoll hits you with a +0 club!
You die...

+........
###.......#
..........#
..........+
..#.........#
..#....$.g..#
.......Bh#
####.#.......##
###.##......###
###...#.........#
#.......#.......###
###.....##....)...#
#......##......#>#
###....##......###


You could see 2 hounds, a worker ant and 3 gnolls.

Vanquished Creatures
  An ogre (D:2)
  An orc priest (D:4)
  A gnoll (D:4)
  6 adders
  An ooze (D:3)
  3 worms (D:2)
  2 dart slugs
  A leopard gecko (D:3)
  An orc (D:3)
  5 bats
  4 giant cockroaches
  7 goblins
  10 hobgoblins
  3 jackals (D:2)
  4 kobolds
  A quokka (D:2)
  5 frilled lizards
  5 rats
61 creatures vanquished.

Notes
Turn   | Place    | Note
-------+----------+-------------------------------------------
     0 | D:1      | Borgoz the Ghoul Gladiator began the quest for the Orb.
     0 | D:1      | Reached XP level 1. HP: 17/17 MP: 0/0
   421 | D:1      | Reached XP level 2. HP: 25/25 MP: 1/1
   448 | D:1      | Reached skill level 3 in Long Blades
  1022 | D:2      | Reached XP level 3. HP: 29/30 MP: 2/2
  1138 | D:2      | Noticed an ogre
  1159 | D:2      | Killed an ogre
  1160 | D:2      | Reached skill level 4 in Long Blades
  1160 | D:2      | Reached XP level 4. HP: 12/38 MP: 3/3
  1160 | D:2      | Reached XP level 5. HP: 15/45 MP: 4/4
  2175 | D:3      | Found a blossoming altar of Fedhas.
  2512 | D:3      | Found a basalt altar of Yredelemnul.
  3078 | D:4      | Found a staircase to the Ecumenical Temple.
  3096 | D:4      | Reached XP level 6. HP: 34/52 MP: 5/5
  3202 | Temple   | Entered the Ecumenical Temple
  3260 | Temple   | Became a worshipper of Warmaster Okawaru
  3316 | D:4      | HP: 2/52 [hound (2)]
  3317 | D:4      | Mangled by a gnoll

Illustrated notes

Levels and vault maps discovered:
D:1:      dpeg_arrival_lava_altar, layout_loops_ring
D:2:      layout_basic
D:3:      layout_basic, fedhas_altar_1, general_overflow_altar,
          minmay_misc_feat_tiny
D:4:      layout_basic, minmay_temple_entry_proselytizer, serial_rivers,
          chequers_serial_rivers_room_a, chequers_serial_rivers_micro_c,
          chequers_serial_rivers_small_b, chequers_serial_rivers_micro_d,
          chequers_serial_rivers_large_a, serial_shops, kennysheep_mini_moat,
          minmay_rat_hole
Temple:   nicolae_temple_god_jail

Skill      XL: |  1  2  3 |
---------------+----------+-----
Long Blades    | 3 4 |  4.7
Dodging        | 3 |  3.8
Fighting       | 3 |  3.8
Throwing       | |  1.7

Action                   |  1- 3 |  4- 6 || total
-------------------------+-------+-------++-------
Melee: Long sword        |    88 |   125 ||   213
Throw: Throwing net      |     3 |       ||     3
  Use: Scroll            |     3 |     4 ||     7
       Potion            |     3 |     4 ||     7
 Stab: Held in net/web   |     2 |       ||     2
Armor: Leather armour    |    28 |    40 ||    68
Dodge: Dodged            |    64 |   103 ||   167
Block: Buckler           |     9 |    16 ||    25
       Rpst.: Long sword |    24 |    28 ||    52

Table legend: (Time is in decaauts)
 A = Elapsed time spent in this place.
 B = Non-inter-level travel time spent in this place.
 C = Inter-level travel time spent in this place.
 D = Time resting spent in this place.
 E = Time spent auto-exploring this place.
 F = Levels seen in this place.
 G = Mean time per level.
                   A        B        C        D        E       F      G
               +--------+--------+--------+--------+--------+-----+--------+
         Total |   3367 |   3120 |    247 |    289 |   2333 |   5 |  673.4 |
       Dungeon |   3276 |   3043 |    233 |    289 |   2269 |   4 |  819.0 |
        Temple |     90 |     76 |     14 |      0 |     64 |   1 |   90.0 |
               +--------+--------+--------+--------+--------+-----+--------+

Top non-repeatable levels by time:
     D:2: 1301 daAuts
     D:3: 1073 daAuts
     D:1: 739 daAuts
     D:4: 161 daAuts
  Temple: 90 daAuts
